 Dungeon Crawl Stone Soup version 0.19.1 (webtiles) character file.

349 Firecrotchwizard the Skirmisher (level 6, -3/40 HPs)
             Began as a Gargoyle Fighter on Nov 29, 2016.
             Slain by an ogre
             ... wielding a +0 giant club
              (13 damage)
             ... on level 5 of the Dungeon on Dec 2, 2016.
             The game lasted 00:09:03 (3517 turns).

Firecrotchwizard the Skirmisher (Gargoyle Fighter)  Turns: 3517, Time: 00:09:04

Health: -3/40      AC: 19    Str: 21    XL:     6   Next: 60%
Magic:  6/6        EV:  4    Int:  8    God:
Gold:   102        SH:  9    Dex: 10    Spells: 0 memorised, 5 levels left

rFire  + . .     SeeInvis .     a - +0 flail
rCold  . . .     Gourm    .     y - +0 plate armour
rNeg   + . .     Faith    .     c - +0 shield
rPois  ∞         Spirit   .     u - +0 helmet
rElec  +         Reflect  .     x - +0 cloak
rCorr  .         Harm     .     (no gloves)
MR     .....                    l - +0 pair of boots
Stlth  ..........               (no amulet)
                                (no ring)
                                t - ring of protection from fire

@: no status effects
A: negative energy resistance 1, electricity resistance, unbreathing,
petrification resistance, rot immunity, AC +4
a: no special abilities


You were on level 5 of the Dungeon.
You were very hungry.

You visited 1 branch of the dungeon, and saw 5 of its levels.

You collected 141 gold pieces.
You spent 39 gold pieces at shops.

Inventory:

Hand Weapons
 a - a +0 flail (weapon)
Missiles
 C - 96 stones (quivered)
Armour
 b - a +0 scale mail
 c - a +0 shield (worn)
 l - a +0 pair of boots (worn)
 u - a +0 helmet (worn)
 x - a +0 cloak (worn)
 y - a +0 plate armour (worn)
Jewellery
 t - a ring of protection from fire (left hand)
 F - an uncursed ring of wizardry {unknown}
Wands
 B - a wand of confusion (45/48)
 E - a wand of enslavement (8/24)
Scrolls
 h - 3 scrolls of remove curse
 j - 2 scrolls of teleportation
 k - 2 scrolls of random uselessness
 n - 7 scrolls of identify
 s - a scroll of recharging
 v - 2 scrolls of fog
Potions
 d - 3 potions of might
 e - 2 potions of ambrosia
 g - a potion of agility {unknown}
 i - a potion of mutation {unknown}
 m - 2 potions of brilliance {unknown}
 r - 5 potions of curing
 w - a potion of cancellation {unknown}
 z - a potion of degeneration {unknown}
 A - a potion of berserk rage {unknown}
 D - a potion of haste {unknown}
Books
 q - a book of Frost

   Spells                             Type                      Level
   a - Freeze                         Ice                          1
   b - Throw Frost                    Conjuration/Ice              2
   c - Ozocubu's Armour               Charms/Ice                   3
   d - Throw Icicle                   Conjuration/Ice              4
   e - Summon Ice Beast               Ice/Summoning                4
Comestibles
 f - 7 bread rations
 o - 3 fruits
 p - 2 meat rations


   Skills:
 * Level 5.0 Fighting
 * Level 4.7 Maces & Flails
 + Level 4.1 Armour
 + Level 4.1 Shields


You had 5 spell levels left.
You didn't know any spells.

Dungeon Overview and Level Annotations

Branches:
Dungeon (5/15)
 Temple: D:4-7

Altars:
Fedhas
Hepliaklqana

Shops:
D:5 *(*


Innate Abilities, Weirdness & Mutations

You are resistant to torment.
Your stone body is resilient. (AC +4)
You are immune to poison.
You resist negative energy. (rN+)
You are resistant to electric shocks. (rElec)
You can survive without breathing.
You are immune to petrification.
You are immune to rotting.


Message History

There is an entrance to Aquelug's General Store here.
You hit the ogre.
The ogre is lightly wounded.
The ogre hits you with a giant club.
You hit the ogre.
The ogre is moderately wounded.
The ogre hits you but does no damage.
You thump the ogre!
The ogre is heavily wounded.
The ogre hits you with a giant club!
Your shield and plate armour prevent you from hitting the ogre.
The ogre is heavily wounded.
The ogre hits you with a giant club!!
* * * LOW HITPOINT WARNING * * *
You are too injured to fight recklessly!
You are too injured to fight recklessly!
You hit the ogre but do no damage.
The ogre is heavily wounded.
The ogre hits you with a giant club!
You die...

#######...... .#
#####.##...####+#####..##
............)...........(
##.##.##.#......#...#+##.
#..##....########.#.+
#.#......# #....# #.
#...####.#######.###....
#.∩.####.#......∩....#..#
#........#.....#@#...# .#
#.########......O....#
#.+##### ........?.?.#
.......# ............+
.....#.......#......=#
.....# ....#..(....#
....## ..# ##.######
.....# .. .. .....#


You could see an ogre.

Vanquished Creatures
  An ogre (D:5)
  2 centaur skeletons
  Crazy Yiuf (D:2)
  3 worker ants
  4 adders
  A worm (D:2)
  A dart slug (D:3)
  A leopard gecko (D:2)
  An orc (D:4)
  2 ball pythons
  5 giant cockroaches
  5 goblins
  4 hobgoblins
  4 quokkas
  10 bats
  7 frilled lizards
  6 kobolds
  7 rats
65 creatures vanquished.

Notes
Turn   | Place    | Note
-------+----------+-------------------------------------------
     0 | D:1      | Firecrotchwizard the Gargoyle Fighter began the quest for the Orb.
     0 | D:1      | Reached XP level 1. HP: 14/14 MP: 1/1
   197 | D:1      | Reached XP level 2. HP: 19/19 MP: 2/2
   788 | D:2      | Reached XP level 3. HP: 19/23 MP: 3/3
  1118 | D:2      | Found a faded altar of an unknown god.
  1184 | D:2      | Found a runed door.
  1253 | D:2      | Reached XP level 4. HP: 28/29 MP: 4/4
  1527 | D:2      | Noticed Crazy Yiuf
  1539 | D:2      | Killed Crazy Yiuf
  1622 | D:3      | Reached skill level 4 in Fighting
  1751 | D:3      | Reached XP level 5. HP: 29/34 MP: 5/5
  2533 | D:4      | Found a hazy altar of Hepliaklqana.
  2533 | D:4      | Found a blossoming altar of Fedhas.
  3149 | D:5      | Entered Level 5 of the Dungeon
  3149 | D:5      | Found Guijinit's General Store.
  3172 | D:5      | Bought a potion of curing for 39 gold pieces
  3192 | D:5      | Reached XP level 6. HP: 39/39 MP: 6/6
  3230 | D:5      | Found Tiqutixa's Weapon Shoppe.
  3259 | D:5      | Reached skill level 5 in Fighting
  3504 | D:5      | Found Aquelug's General Store.
  3517 | D:5      | Slain by an ogre

Skill      XL: |  1  2  3  4  5  6 |
---------------+-------------------+-----
Maces & Flails | 3 4 |  4.7
Fighting       | 4 5 |  5.0
Armour         | 4 |  4.1
Shields        | 4 |  4.1

Action                   |  1- 3 |  4- 6 || total
-------------------------+-------+-------++-------
Melee: Flail             |   157 |   178 ||   335
Throw: Stone             |       |     3 ||     3
  Use: Scroll            |       |     8 ||     8
  Eat: Chunk             |     1 |     5 ||     6
       Pizza             |       |     1 ||     1
Armor: Scale mail        |    89 |    48 ||   137
       Plate armour      |       |    59 ||    59
Dodge: Dodged            |    59 |    42 ||   101
Block: Shield            |    91 |   123 ||   214
